 Dungeon Crawl Stone Soup version 0.32-a0-468-g38b2580584 (webtiles) character file.

Game seed: 689853745484042368

1671 ezpacito the Chopper (level 8, 0/60 HPs)
             Began as a Demonspawn Chaos Knight on Feb 24, 2024.
             Was a Plaything of Xom.
             Slain by a wyvern (18 damage)
             ... on level 7 of the Dungeon.
             The game lasted 00:09:39 (6551 turns).

ezpacito the Chopper (Demonspawn Chaos Knight)      Turns: 6551, Time: 00:09:39

Health: 0/60       AC: 14    Str: 15    XL:     8   Next: 70%
Magic:  12/12      EV: 10    Int: 13    God:    Xom [...*..]
Gold:   269        SH:  0    Dex: 12    Spells: 0/10 levels left

rFire   . . .        a - +0 hand axe (chaos)
rCold   + . .        (no shield)
rNeg    . . .        d - +0 scale mail {Will+}
rPois   +            s - +0 helmet
rElec   .            i - +0 cloak
rCorr   .            G - +0 pair of gloves
SInv    +            C - +2 pair of boots
Will    +....        (no amulet)
Stlth   +            D - ring of protection from cold
HPRegen 0.30/turn    r - ring of see invisible
MPRegen 0.13/turn

%: no passive effects
@: hasted, very quick
A: demonic guardian 1, sharp scales 1, weakness stinger 1, high MP 1, poison
resistance
a: Renounce Religion


You were on level 7 of the Dungeon.
You worshipped Xom.
You were a favourite toy of Xom.
You visited 1 branch of the dungeon, and saw 7 of its levels.

You collected 295 gold pieces.
You spent 26 gold pieces at shops.

Inventory:

Hand Weapons
 a - a +0 hand axe of chaos (weapon)
 p - a +0 war axe
Missiles
 g - 4 poisoned darts
 k - 3 javelins (quivered)
 x - 6 boomerangs
Armour
 d - a +0 scale mail of willpower (worn)
 i - a +0 cloak (worn)
 s - a +0 helmet (worn)
 u - a scarf of invisibility
 C - a +2 pair of boots (worn)
 G - a +0 pair of gloves (worn)
Magical Staves
 e - a staff of alchemy
Jewellery
 h - a ring of poison resistance
 r - a ring of see invisible (right hand)
 A - a ring of wizardry
 B - a ring of fire
 D - a ring of protection from cold (left hand)
Talismans
 v - a serpent talisman
Wands
 z - a wand of mindburst (3)
 E - a wand of roots (11)
Scrolls
 b - 5 scrolls of immolation
 f - a scroll of revelation
 j - 5 scrolls of teleportation
 l - a scroll of fear
 m - 3 scrolls of poison
 n - a scroll of enchant armour
 o - 2 scrolls of blinking
 t - 2 scrolls of butterflies
 y - 2 scrolls of noise
 F - 2 scrolls of fog
 H - a scroll of brand weapon


   Skills:
 + Level 4.1 Fighting
 * Level 4.5(4.8) Axes
 + Level 2.3(3.7) Polearms
 + Level 2.0 Throwing
 * Level 3.7 Armour
 * Level 3.3 Dodging
 + Level 2.4 Stealth
 * Level 3.3 Unarmed Combat
 + Level 1.9 Spellcasting
 + Level 1.8 Conjurations
 + Level 1.0 Hexes
 * Level 1.7 Necromancy
 + Level 2.6 Alchemy
 + Level 2.3 Evocations


You couldn't memorise any spells.
You knew the following spells:

 Your Spells              Type           Power      Damage    Failure   Level
a - Mephitic Cloud        Conj/Alch/Air  5%         N/A       83%         3
b - Fugue of the Fallen   Necr           5%         N/A       80%         3
c - Anguish               Hex/Necr       2%         N/A       99%         4

Your spell library contained the following spells:

 Spells                   Type           Power      Damage    Failure   Level
 Momentum Strike          Conj/Tloc      6%         3d8       67%         2
 Ensorcelled Hibernation  Hex/Ice        4%         N/A       75%         2
 Blink                    Tloc           2%         N/A       82%         2
 Lesser Beckoning         Tloc           2%         N/A       82%         2
 Tukima's Dance           Hex            4%         N/A       87%         3
 Ozocubu's Armour         Ice            1%         N/A       96%         3
 Flame Wave               Conj/Fire      3%         2d5       99%         4
 Manifold Assault         Tloc           1%         N/A       100%        4
 Passage of Golubria      Tloc           1%         N/A       100%        4
 Summon Blazeheart Golem  Fire/Summ      1%         N/A       100%        4
 Yara's Violent Unravell  Hex/Alch       3%         3d4       100%        5


Dungeon Overview and Level Annotations

Branches:
Dungeon (7/15)
 Temple: D:4-7

Altars:
Cheibriados
Hepliaklqana
Kikubaaqudgha
Qazlal
Uskayaw

Shops:
D:4 *((*(


Innate Abilities, Weirdness & Mutations

A weak demonic guardian rushes to your aid.
You are partially covered in razor-sharp scales. (AC +1, Slay +1)
You have a small tail.
You have an increased reservoir of magic. (+10% MP)
Your system is resistant to poisons. (rPois)


Message History

No target in view!
You open the door.
There is an open door here.
You open the door.
A wyvern comes into view.
The wyvern barely misses you.
A wyvern is nearby!
You barely miss the wyvern. The wyvern closely misses you.
You hit the wyvern but do no damage. The wyvern bites you! x2
You closely miss the wyvern. The wyvern bites you!
You closely miss the wyvern. The wyvern barely misses you.
The wyvern bites you.
You hit the wyvern.
The wyvern is lightly wounded.
The wyvern bites you!
The wyvern bites you but does no damage.
You are too injured to fight recklessly!
You are too injured to fight recklessly!
You are too injured to fight recklessly!
You are too injured to fight recklessly!
You are too injured to fight recklessly!
You are too injured to fight recklessly!
You are too injured to fight recklessly!
You are too injured to fight recklessly!
You are too injured to fight recklessly!
You are too injured to fight recklessly!
You are too injured to fight recklessly!
You are too injured to fight recklessly!
You are too injured to fight recklessly!
You feel much better. The wyvern bites you!
You closely miss the wyvern.
The wyvern is lightly wounded.
The wyvern bites you.
* * * LOW HITPOINT WARNING * * *
The wyvern closely misses you.
You feel yourself speed up.
Xom's power touches on a nearby monster.
The wyvern seems to grow stronger.
The wyvern bites you!!
You die...
Xom chortles!

#...#
##...####+#........
#.....#...#........
#.....#...#........
.....#...#........ ..
... #...#........
....###k###...#........
.......@.##...#........
..............#.........
..............'.........
..#########...#.........
# #.......#####.........
#.....................
#.....................
#.....................
#.....................


You could see a wyvern (strong).

Vanquished Creatures
  Sigmund (D:3)
  A sky beast (D:6)
  2 ogres (D:6)
  A centaur (D:6)
  A phantom (D:5)
  A scorpion (D:4)
  Dowan (D:5)
  A howler monkey (D:5)
  2 bombardier beetles
  3 hounds
  3 orc priests
  4 iguanas
  2 orc wizards (D:4)
  A gnoll (D:1)
  8 adders
  2 white imps (D:5)
  3 ribbon worms (D:4)
  3 dart slugs
  23 orcs
  5 ball pythons
  4 bats
  4 endoplasms
  7 giant cockroaches
  8 goblins
  8 hobgoblins
  4 quokkas
  4 frilled lizards
  7 kobolds
  7 rats
121 creatures vanquished.

Vanquished Creatures (collateral kills)
  A hog (shapeshifter) (D:5)
  A black bear (D:6)
  A centaur (D:6)
  An orc priest (D:3)
  3 orcs
7 creatures vanquished.

Grand Total: 128 creatures vanquished

Notes
Turn   | Place    | Note
-------+----------+-------------------------------------------
     0 | D:1      | ezpacito the Demonspawn Chaos Knight began the quest for
                  | the Orb.
     0 | D:1      | Reached XP level 1. HP: 18/18 MP: 1/1
    48 | D:1      | XOM: silly message
   208 | D:1      | XOM: divination: detect items
   297 | D:1      | Reached skill level 1 in Dodging
   334 | D:1      | Gained mutation: A weak demonic guardian rushes to your
                  | aid. [demonic ancestry]
   334 | D:1      | Reached XP level 2. HP: 24/24 MP: 2/2
   410 | D:1      | Found a faded altar of an unknown god.
   489 | D:1      | Reached XP level 3. HP: 11/29 MP: 3/3
   516 | D:1      | XOM: silly message
   592 | D:1      | XOM: silly message
   829 | D:1      | Reached skill level 1 in Unarmed Combat
   975 | D:2      | XOM: potion effect (brilliance)
  1371 | D:2      | XOM: god gift: chain mail {god gift}
  1427 | D:2      | XOM: silly message
  1428 | D:2      | Got the Spellbook of Hot Energy
  1435 | D:2      | Reached XP level 4. HP: 35/35 MP: 4/4
  1758 | D:3      | Reached skill level 1 in Polearms
  1781 | D:3      | Reached skill level 1 in Alchemy
  1788 | D:3      | XOM: silly message
  1937 | D:3      | Found a hide-covered altar of Uskayaw.
  2018 | D:3      | Learned a level 3 spell: Mephitic Cloud
  2163 | D:3      | Reached skill level 1 in Evocations
  2316 | D:3      | Gained mutation: You have a small tail. [demonic ancestry]
  2316 | D:3      | Reached XP level 5. HP: 40/41 MP: 5/5
  2447 | D:3      | Found a hazy altar of Hepliaklqana.
  2447 | D:3      | Noticed Sigmund
  2447 | D:3      | XOM: swap monsters
  2462 | D:3      | XOM: god gift: 2 scrolls labelled JOAJIVV CYNY {god gift}
  2466 | D:3      | Killed Sigmund
  2467 | D:3      | Reached skill level 1 in Stealth
  2467 | D:3      | Reached XP level 6. HP: 10/47 MP: 5/7
  2530 | D:3      | XOM: silly message
  2777 | D:4      | XOM: noise
  3157 | D:4      | Found Dippuxext's Antique Weapon Emporium.
  3159 | D:4      | Found Ojobowa's General Store.
  3160 | D:4      | Found Vearr's Antique Weapon Shop.
  3160 | D:4      | Found Jotaos's General Store.
  3398 | D:4      | Reached skill level 1 in Spellcasting
  3475 | D:4      | Bought a scroll of identify for 26 gold pieces
  3510 | D:4      | Reached skill level 1 in Throwing
  3661 | D:4      | Found Jotac's Antique Weapon Boutique.
  3707 | D:4      | Reached XP level 7. HP: 51/52 MP: 8/8
  3754 | D:4      | XOM: god gift: spear {god gift}
  3756 | D:4      | XOM: cloud trail
  3878 | D:4      | XOM: give mutations
  3878 | D:4      | Gained mutation: You have an increased reservoir of magic.
                  | (+10% MP) [Xom's mischief]
  3878 | D:4      | Gained mutation: Your system is resistant to poisons.
                  | (rPois) [Xom's mischief]
  4033 | D:5      | Entered Level 5 of the Dungeon
  4111 | D:5      | XOM: fog
  4114 | D:5      | Reached skill level 1 in Conjurations
  4334 | D:5      | XOM: silly message
  4389 | D:5      | Noticed Dowan
  4389 | D:5      | Noticed Duvessa
  4410 | D:5      | Duvessa changed into Duvessa the glowing shapeshifter
  4410 | D:5      | Noticed Duvessa (glowing shapeshifter)
  4410 | D:5      | XOM: polymorph Duvessa -> Duvessa the glowing shapeshifter
  4410 | D:5      | Duvessa the glowing shapeshifter changed into Duvessa the
                  | fire bat
  4410 | D:5      | Noticed Duvessa (glowing shapeshifter)
  4416 | D:5      | Killed Dowan
  4419 | D:5      | Duvessa the fire bat changed into Duvessa the jelly
  4423 | D:5      | Duvessa the jelly changed into Duvessa the steam dragon
  4423 | D:5      | Noticed Duvessa (glowing shapeshifter)
  4426 | D:5      | XOM: scenery: 1 doors open, 1 doors close
  4435 | D:5      | Noticed Duvessa
  4437 | D:5      | Duvessa the boggart changed into Duvessa the hog
  4437 | D:5      | Noticed Duvessa (glowing shapeshifter)
  4438 | D:5      | XOM: cast spell 'Summon Dragon'
  4442 | D:5      | Killed Duvessa the hog
  4511 | D:5      | XOM: scenery: 2 doors close
  5010 | D:5      | Found a snail-covered altar of Cheibriados.
  5018 | D:5      | Gained mutation: You are partially covered in razor-sharp
                  | scales. (AC +1, Slay +1) [demonic ancestry]
  5018 | D:5      | Reached XP level 8. HP: 50/60 MP: 11/11
  5305 | D:5      | XOM: silly message
  5357 | D:6      | XOM: god gift: 20 gold pieces
  5445 | D:6      | Learned a level 3 spell: Fugue of the Fallen
  5450 | D:6      | Learned a level 4 spell: Anguish
  5510 | D:6      | XOM: smoke on damage
  5626 | D:6      | Found an ancient bone altar of Kikubaaqudgha.
  5635 | D:6      | XOM: silly message
  5636 | D:6      | XOM: polymorph bullfrog -> rat
  5838 | D:6      | Reached skill level 1 in Necromancy
  5866 | D:6      | XOM: 2-stop teleportation journey
  6024 | D:6      | Found a stormy altar of Qazlal.
  6067 | D:6      | XOM: summons friendly quasit
  6070 | D:6      | Reached skill level 1 in Hexes
  6450 | D:6      | XOM: divination: detect items
  6487 | D:7      | XOM: 2-stop teleportation journey
  6551 | D:7      | XOM: enchant monster (bad)
  6551 | D:7      | Slain by a wyvern

Illustrated notes

Levels and vault maps discovered:
D:1:      ebering_trefoil_3fold, layout_loops_ring,
          hellmonk_ecumenical_altar_run_dry, minmay_misc_feat_rugged,
          chequers_avenue, minmay_pentomino_o4
D:2:      layout_loops_cross
D:3:      layout_basic, nicolae_uskayaw_murder_on_the_dancefloor,
          lemuel_coloured_pillars_altar, st_stairs_13,
          nicolae_concentric_dashed_squares_mild, uniq_sigmund
D:4:      layout_layer_cave, serial_shops, shop, minmay_misc_feat_tiny,
          nicolae_wooded_promenade, chequers_serial_rivers_room_b,
          serial_bayou_pond_e, serial_bayou_crossing
D:5:      layout_gridville, mainiacjoe_overflow_brackets, supply_closet_lemuel,
          nicolae_nh_ransacked_shop, uniq_duvessa
D:6:      layout_loops_ring, nicolae_qazlal_general_emergency,
          kiku_gazebo_garden_becter
D:7:      layout_gridville, gammafunk_temple_overflow_arena,
          minmay_temple_entry_grid

Skill      XL: |  1  2  3  4  5  6  7  8 |
---------------+-------------------------+-----
Dodging        | 1 2 3 |  3.3
Armour         | 2 3 |  3.7
Unarmed Combat | 1 2 3 |  3.3
Axes           | 3 4 |  4.5
Polearms       | 1 2 |  2.3
Alchemy        | 1 2 |  2.6
Evocations     | 1 2 |  2.3
Stealth        | 1 2 |  2.4
Spellcasting   | 1 |  1.9
Throwing       | 1 2 |  2.0
Conjurations   | 1 |  1.8
Fighting       | 4 |  4.1
Necromancy     | 1 |  1.7
Hexes          | 1 |  1.0

Action                     |  1- 3 |  4- 6 |  7- 9 || total
---------------------------+-------+-------+-------++-------
  Melee: Hand axe          |   103 |   140 |   269 ||   512
         Tailslap          |       |    13 |    35 ||    48
    Use: Potion            |       |     4 |     6 ||    10
         Scroll            |       |     7 |     6 ||    13
   Stab: Sleeping          |       |     1 |       ||     1
         Petrified         |       |       |     3 ||     3
         Paralysed         |       |       |     1 ||     1
 Armour: Leather armour    |    64 |    38 |       ||   102
         Scale mail        |       |   110 |   217 ||   327
         Skin              |       |       |    38 ||    38
  Dodge: Dodged            |    49 |    66 |   158 ||   273

Table legend: (Time is in decaauts)
 A = Elapsed time spent in this place.
 B = Non-inter-level travel time spent in this place.
 C = Inter-level travel time spent in this place.
 D = Time resting spent in this place.
 E = Time spent auto-exploring this place.
 F = Levels seen in this place.
 G = Mean time per level.
                   A        B        C        D        E       F      G
               +--------+--------+--------+--------+--------+-----+--------+
         Total |   6593 |   6397 |    196 |    428 |   4787 |   7 |  941.9 |
       Dungeon |   6593 |   6397 |    196 |    428 |   4787 |   7 |  941.9 |
               +--------+--------+--------+--------+--------+-----+--------+

Top non-repeatable levels by time:
     D:3: 1431 daAuts
     D:5: 1292 daAuts
     D:6: 1173 daAuts
     D:1: 982 daAuts
     D:4: 958 daAuts
     D:2: 685 daAuts
     D:7: 70 daAuts
